 Dungeon Crawl Stone Soup version 0.31-a0-1620-gcbf77bbcfc (webtiles) character file.

Game seed: 15720677109399825229

101 Dirtsage the Changeling (level 4, -3/29 HPs)
             Began as an Octopode Shapeshifter on Jan 11, 2024.
             Slain by an orc
             ... wielding a +0 club
              (4 damage)
             ... on level 3 of the Dungeon.
             The game lasted 00:02:24 (1786 turns).

Dirtsage the Changeling (Octopode Shapeshifter)     Turns: 1786, Time: 00:02:25

Health: -3/29      AC:  1    Str: 13    XL:     4   Next: 75%
Magic:  4/4        EV: 13    Int: 12    God:
Gold:   138        SH:  0    Dex: 13    Spells: 3/3 levels left

rFire   . .          .
                       - Unarmed
rCold   . . .        (no shield)
rNeg    . . .        (helmet currently unavailable)
rPois   .            (no amulet)
rElec   .            (no ring)
rCorr   .            (no ring)
SInv    .            (no ring)
Will    .....        (no ring)
Stlth   ++           (no ring)
HPRegen 0.24/turn    (no ring)
MPRegen 0.09/turn    (no ring)
                     (no ring)

%: no passive effects
@: beast-form
A: beast (slay +2), almost no armour, amphibious, 8 rings, camouflage 1,
gelatinous body 1, (nimble swimmer 1), tentacles
a: Begin Untransformation


You were on level 3 of the Dungeon.
You were a hulking beast.
You visited 1 branch of the dungeon, and saw 3 of its levels.

You collected 138 gold pieces.

Inventory:

Jewellery
 m - an amulet of faith
Talismans
 b - a beast talisman
 c - a flux talisman
 g - a dragon-blood talisman
Scrolls
 d - a scroll of torment {unknown}
 e - 3 scrolls of immolation {unknown}
 h - 3 scrolls of identify {unknown}
 i - a scroll of poison {unknown}
 j - a scroll of enchant armour {unknown}
 l - a scroll of teleportation {unknown}
Potions
 a - a potion of lignification
 f - 2 potions of curing {unknown}
 k - 2 potions of berserk rage {unknown}


   Skills:
 + Level 2.1 Fighting
 + Level 2.7 Dodging
 + Level 3.5 Unarmed Combat
 * Level 3.9 Shapeshifting


You had 3 spell levels left.
You didn't know any spells.
Your spell library was empty.

Dungeon Overview and Level Annotations

Branches:
Dungeon (3/15)

Altars:


Innate Abilities, Weirdness & Mutations

You are a hulking beast.
Your limbs bulge with bestial killing power. (Slay +2)
You cannot wear most types of armour.
You are amphibious.
You can wear up to eight rings at the same time.
Your skin changes colour to match your surroundings (Stealth+).
Your rubbery body absorbs attacks. (AC +1, EV +1)
((You are camouflaged when in or above water. (Stealth+)))
You have tentacles for arms and can constrict up to eight enemies at once.


Message History

You constrict the rat.
You kill the rat!
You barely miss the adder. You grab the adder. You constrict the adder.
The adder bites you but does no damage.
You tentacle-slap the adder.
The adder is moderately wounded.
You constrict the adder. The adder completely misses you.
You tentacle-slap the adder.
The adder is severely wounded.
You constrict the adder. The adder bites you. The adder misses you.
You take 2 damage, and have 27/29 hp.
You tentacle-slap the adder.
You kill the adder!
No target in view!
An orc is nearby!
The orc priest shouts!
The orc shouts!
The orc priest mumbles some strange prayers to Beogh against you.
Beogh smites you!
You take 13 damage, and have 15/29 hp.
MASSIVE DAMAGE!!
The orc priest hits you with a +0 dagger.
You tentacle-slap the orc priest but do no damage.
Your grab misses the orc priest. You squeeze the orc priest.
The orc priest is lightly wounded.
The orc barely misses you.
The orc priest hits you with a +0 dagger.
The orc hits you with a +0 falchion.
You take 4 damage, and have 11/29 hp.
You tentacle-slap the orc priest but do no damage.
You grab the orc priest. You squeeze the orc priest!
The orc priest is heavily wounded.
You constrict the orc priest. The orc hits you but does no damage.
The orc hits you with a +0 falchion!
* * * LOW HITPOINT WARNING * * *
The orc priest hits you with a +0 dagger.
* * * LOW HITPOINT WARNING * * *
You take 10 damage, and have 1/29 hp.
MASSIVE DAMAGE!!
You tentacle-slap the orc priest. You squeeze the orc priest.
You kill the orc priest!
The orc hits you with a +0 club.
You die...

.#
#.......#.###o...
..####.#######.. .
#.................
.............######
#####...)....#
#.......(#
#........# '
#........######...#
#..........ho.....#
#..........oo...###
######..........#
#..........#
#..........#
#..........#
#......:...#
#...########


You could see 3 orcs.

Vanquished Creatures
  An orc priest (D:3)
  A gnoll (D:2)
  4 adders
  A dart slug (D:1)
  2 orcs
  5 ball pythons
  3 bats
  6 endoplasms
  A giant cockroach (D:1)
  9 goblins
  10 hobgoblins
  A frilled lizard (D:2)
  A kobold (D:1)
  3 rats
48 creatures vanquished.

Notes
Turn   | Place    | Note
-------+----------+-------------------------------------------
     0 | D:1      | Dirtsage the Octopode Shapeshifter began the quest for the
                  | Orb.
     0 | D:1      | Reached XP level 1. HP: 13/13 MP: 1/1
   148 | D:1      | Reached XP level 2. HP: 18/18 MP: 2/2
   591 | D:1      | Reached XP level 3. HP: 19/23 MP: 3/3
  1309 | D:2      | Reached XP level 4. HP: 18/29 MP: 4/4
  1785 | D:3      | HP: 1/29 [orc priest/+0 dagger (2)]
  1786 | D:3      | Slain by an orc

Illustrated notes

Levels and vault maps discovered:
D:1:      dpeg_arrival_leaves_temple_mockup, layout_loops_ring,
          kennysheep_flooded_box
D:2:      layout_basic, chequers_mini_garden, minmay_liquid_box,
          minmay_goblin_outpost
D:3:      layout_basic, gammafunk_ghost_stat_death, cheibrodos_sewer_entry_bend

Skill      XL: |  1  2  3  4 |
---------------+-------------+-----
Fighting       | 2 |  2.1
Dodging        | |  2.7
Unarmed Combat | |  3.5
Shapeshifting  | |  3.9

Action                     |  1- 3 |  4- 6 || total
---------------------------+-------+-------++-------
  Melee: Unarmed           |    64 |    18 ||    82
         Constrict         |    18 |     5 ||    23
         Tentacles         |    18 |     8 ||    26
         Punch             |     2 |     1 ||     3
   Stab: Sleeping          |     5 |       ||     5
 Armour: Skin              |    20 |    14 ||    34
  Dodge: Dodged            |    22 |     7 ||    29

Table legend: (Time is in decaauts)
 A = Elapsed time spent in this place.
 B = Non-inter-level travel time spent in this place.
 C = Inter-level travel time spent in this place.
 D = Time resting spent in this place.
 E = Time spent auto-exploring this place.
 F = Levels seen in this place.
 G = Mean time per level.
                   A        B        C        D        E       F      G
               +--------+--------+--------+--------+--------+-----+--------+
         Total |   1780 |   1700 |     80 |     66 |   1394 |   3 |  593.3 |
       Dungeon |   1780 |   1700 |     80 |     66 |   1394 |   3 |  593.3 |
               +--------+--------+--------+--------+--------+-----+--------+

Top non-repeatable levels by time:
     D:2: 880 daAuts
     D:1: 821 daAuts
     D:3: 78 daAuts
